 Dungeon Crawl Stone Soup version 0.14.0-19-g73085dc (webtiles) character file.

1903 staplegun the Shield-Bearer (level 9, -11/54 HPs)
             Began as a Gargoyle Fighter on Apr 20, 2014.
             Was a Priest of Trog.
             Killed by divine providence
             ... invoked by an orc priest
              (14 damage)
             ... on Level 7 of the Dungeon.
             The game lasted 00:06:57 (4333 turns).

staplegun the Shield-Bearer (Gargoyle Fighter)      Turns: 4333, Time: 00:06:58

HP -11/54        AC 16     Str 23      XL: 9   Next:  3%
MP   9/9         EV  7     Int  9      God: Trog [***...]
Gold 199         SH 21     Dex  9      Spells:  0 memorised,  8 levels left

rFire  . . .     SeeInvis .     J - +3,+1 flail (freeze) (curse)
rCold  . . .     Clarity  .     b - +0 scale mail
rNeg   + . .     Conserve .     c - +0 shield
rPois  +         rCorr    .     (no helmet)
rElec  +         rRot     +     q - +1 cloak
SustAb . .       Spirit   .     n - +0 pair of gloves
rMut   .         Warding  .     (no boots)
Saprov . . .     Stasis   .     (no amulet)
MR     ++...                    (no ring)
                                (no ring)

@: regenerating, very resistant to hostile enchantments, extremely unstealthy
A: life protection 1, electricity resistance, unbreathing, petrification
resistance, AC +5
a: Burn Spellbooks, Berserk, Trog's Hand, Renounce Religion


You were on level 7 of the Dungeon.
You worshipped Trog.
Trog was most pleased with you.
You were not hungry.

You visited 1 branch of the dungeon, and saw 7 of its levels.

You collected 199 gold pieces.

Inventory:

Hand weapons
 a - a +0,+0 flail
 B - a -3,+0 whip
 I - a +0,+0 morningstar
 J - a cursed +3,+1 flail of freezing (weapon)
 K - a +3,+3 morningstar
Missiles
 g - 2 poisoned darts (quivered)
 m - 24 stones
 r - 13 poisoned needles
 t - 2 darts
 u - 25 sling bullets
 x - 15 bolts of flame
Armour
 b - a +0 scale mail (worn)
 c - a +0 shield (worn)
 n - a +0 pair of gloves (worn)
 q - a +1 cloak (worn)
Comestibles
 d - 4 bread rations
 A - 2 meat rations
 G - 2 apples
Scrolls
 k - 2 scrolls of magic mapping
 o - 6 scrolls of identify {unknown}
 v - 2 scrolls of teleportation {unknown}
 y - a scroll of noise {unknown}
 z - a scroll of amnesia {unknown}
 D - a scroll of random uselessness {unknown}
 E - a scroll of remove curse
Jewellery
 f - an uncursed ring of sustenance {unknown}
 j - an uncursed ring of flight {unknown}
 s - an uncursed ring of sustenance {unknown}
 F - a cursed ring of teleportation {unknown}
 H - an uncursed amulet of the gourmand {unknown}
Potions
 e - a potion of might
 h - a potion of lignification {unknown}
 i - 2 potions of paralysis {unknown}
 l - a potion of invisibility {unknown}
 p - a potion of brilliance {unknown}
 w - a potion of curing {unknown}
 C - 2 potions of haste {unknown}


   Skills:
 + Level 5.1 Fighting
 + Level 6.0 Maces & Flails
 + Level 6.0 Armour
 + Level 4.5 Dodging
 + Level 0.5 Stealth
 + Level 7.0 Shields


You had 8 spell levels left.
You didn't know any spells.

Dungeon Overview and Level Annotations

Branches:
Dungeon (7/15)
 Temple: D:4-7

Altars:
Ashenzari
Kikubaaqudgha
Trog
Vehumet
Zin
The Shining One


Innate Abilities, Weirdness & Mutations

You are resistant to torment.
You are immune to poison.
You are immune to rotting.
Your stone body is very resilient (AC +5).
You resist negative energy.
You are resistant to electric shocks.
You can survive without breathing.
You are immune to petrification.


Message History

The orc priest hits you but does no damage.
The iguana bites you.
* * * LOW HITPOINT WARNING * * *
The orc hits you but does no damage. You block the orc priest's attack.
The iguana completely misses you.
Drink which item? (? for menu, Esc to quit)
Okay, then.
You hit the orc priest. You freeze the orc priest.
The orc priest is lightly wounded.
You block the orc priest's attack. The orc barely misses you.
You block the iguana's attack.
The orc priest hits you but does no damage.
You closely miss the orc priest.
The orc priest is lightly wounded.
The orc priest closely misses you. The orc hits you but does no damage.
The iguana bites you.
* * * LOW HITPOINT WARNING * * *
The orc priest calls down the wrath of Beogh upon you.
Something smites you!
You die...

#.......# #..... #.......#
#..... #.......# #.....
#.......# ###... #.......#
**,#... #.......# *,,##..
#.......########## *,,,##.
#.........%......#**,,,*##
#.......l@.......#,,,, ,*,
#.......ooo...>..#,,,,,,*#
#......$.........*,,,,,,,#
................****,,,,#
*,...............**,,,,,,*
*,,.............,**,* *,,
*,,,....#######* *,,,*,,,
*,,,,...* ***,**,*
*,,,,,,,* *,,,*,**


You could see an iguana, 2 orc priests and an orc.

Vanquished Creatures
  A hippogriff (D:7)
  A centaur (D:5)
  3 orc warriors
  A crocodile (D:5)
  An ice beast (D:7)
  2 giant frogs
  A scorpion (D:4)
  4 wights (D:7)
  A hound (D:6)
  2 crimson imps (D:5)
  A centaur skeleton (D:5)
  A giant frog skeleton (D:6)
  3 orc priests
  2 worker ants
  4 orc wizards
  An iguana (D:5)
  12 adders
  An orc skeleton (D:7)
  2 worms
  An adder zombie (D:7)
  4 giant geckos
  2 oozes
  26 orcs
  A ball python (D:3)
  10 bats
  A bat zombie (D:5)
  3 giant cockroaches
  10 goblins
  14 hobgoblins
  14 jackals
  A giant newt (D:2)
  A giant newt skeleton (D:4)
  A hobgoblin skeleton (D:4)
  13 kobolds
  2 orc zombies
  3 quokkas
  14 rats
  A rat skeleton (D:4)
  A rat zombie (D:5)
167 creatures vanquished.

Notes
Turn   | Place    | Note
--------------------------------------------------------------
     0 | D:1      | staplegun, the Gargoyle Fighter, began the quest for the Orb.
     0 | D:1      | Reached XP level 1. HP: 14/14 MP: 1/1
   239 | D:1      | Reached XP level 2. HP: 9/19 MP: 2/2
   497 | D:2      | Reached XP level 3. HP: 19/23 MP: 3/3
   599 | D:2      | Found a bloodstained altar of Trog.
   720 | D:2      | Reached skill level 4 in Shields
   848 | D:2      | Became a worshipper of Trog the Wrathful
   969 | D:2      | Reached XP level 4. HP: 28/28 MP: 4/4
  1487 | D:3      | Reached skill level 1 in Dodging
  1570 | D:3      | Reached XP level 5. HP: 32/32 MP: 5/5
  1574 | D:3      | Acquired Trog's first power
  1997 | D:3      | Found a shattered altar of Ashenzari.
  1997 | D:3      | Found a radiant altar of Vehumet.
  2002 | D:3      | Found a glowing silver altar of Zin.
  2201 | D:3      | Reached XP level 6. HP: 17/38 MP: 6/6
  2524 | D:4      | Acquired Trog's second power
  2715 | D:4      | Reached skill level 5 in Shields
  2928 | D:4      | Found a glowing golden altar of the Shining One.
  2948 | D:5      | Entered Level 5 of the Dungeon
  2974 | D:5      | Reached XP level 7. HP: 35/43 MP: 7/7
  3074 | D:5      | Found an ancient bone altar of Kikubaaqudgha.
  3153 | D:5      | Reached skill level 5 in Armour
  3730 | D:6      | Reached XP level 8. HP: 48/48 MP: 8/8
  3744 | D:6      | Found a bloodstained altar of Trog.
  3821 | D:6      | Reached skill level 5 in Fighting
  3940 | D:7      | Reached skill level 5 in Maces & Flails
  3976 | D:7      | Reached skill level 6 in Shields
  4329 | D:7      | Reached skill level 7 in Shields
  4329 | D:7      | Reached XP level 9. HP: 37/54 MP: 9/9
  4333 | D:7      | Killed from afar by an orc priest

Action                   |  1- 3 |  4- 6 |  7- 9 || total
-------------------------+-------+-------+-------++-------
Melee: Flail             |   117 |   340 |   268 ||   725
       Morningstar       |       |       |    47 ||    47
Invok: Trog's Hand       |       |       |     3 ||     3
       Berserk           |       |       |     1 ||     1
  Use: Scroll            |       |     1 |     1 ||     2
       Potion            |       |     1 |       ||     1
